 Dungeon Crawl Stone Soup version 0.27-a0-604-g29a88b33a7 (webtiles) character file.

Game seed: 16884220401703246446

550 EnegeticOcto the Twirler (level 7, -2/44 HPs)
             Began as a Halfling Gladiator on Mar 12, 2021.
             Slain by an orc warrior
             ... wielding a +0 mace
              (16 damage)
             ... on level 5 of the Dungeon.
             The game lasted 00:06:24 (1186 turns).

EnegeticOcto the Twirler (Halfling Gladiator)       Turns: 1186, Time: 00:06:25

Health: -2/44      AC: 13    Str: 15    XL:     7   Next: 54%
Magic:  7/7        EV: 12    Int:  8    God:
Gold:   7          SH:  0    Dex: 16    Spells: 6/6 levels left

rFire    . . .     SeeInvis .   a - +0 quarterstaff
rCold    . . .     Faith    .   (shield currently unavailable)
rNeg     . . .     Spirit   .   i - +0 scale mail
rPois    .         Reflect  .   c - +0 helmet
rElec    .         Harm     .   n - +0 cloak {Will+}
rCorr    .         Rampage  .   f - +0 pair of gloves
Will     +....                  (no boots)
Stlth    ..........             (no amulet)
HPRegen  0.14/turn              t - +4 ring of protection
MPRegen  0.10/turn              (no ring)

@: no status effects
A: small, mutation resistance 1
a: no special abilities


You were on level 5 of the Dungeon.
You visited 1 branch of the dungeon, and saw 5 of its levels.

You collected 147 gold pieces.
You spent 140 gold pieces at shops.

Inventory:

Hand Weapons
 a - a +0 quarterstaff (weapon)
Missiles
 d - 3 throwing nets {!f}
 e - 14 poisoned darts (quivered)
 m - 4 datura-tipped darts
 o - 5 atropa-tipped darts
Armour
 b - a +0 leather armour
 c - a +0 helmet (worn)
 f - a +0 pair of gloves (worn)
   (You found it on level 1 of the Dungeon)
 i - a +0 scale mail (worn)
   (You found it on level 2 of the Dungeon)
 n - a +0 cloak of willpower (worn)
   (You found it on level 3 of the Dungeon)
Jewellery
 t - a +4 ring of protection (right hand)
   (You found it on level 4 of the Dungeon)
Scrolls
 g - 2 scrolls of amnesia
 l - 3 scrolls of magic mapping {@r5 !r}
 p - a scroll of enchant armour {unknown}
 r - a scroll of identify {unknown}
 s - a scroll of fear {unknown}
 u - a scroll of immolation {unknown}
 v - a scroll of teleportation {unknown}
 w - a scroll of torment {unknown}
 x - a scroll of enchant weapon {unknown}
Potions
 h - 2 potions of degeneration {unknown}
 j - a potion of ambrosia {unknown}
 k - a potion of attraction {unknown}
 q - a potion of lignification {unknown}


   Skills:
 - Level 1.7 Fighting
 + Level 6.8 Staves
 - Level 2.0 Throwing
 - Level 3.2 Dodging


You had 6 spell levels left.
You didn't know any spells.
Your spell library contained the following spells:

 Spells                   Type           Power      Damage    Failure   Level
 Freeze                   Ice            0%         1d3       88%         1
 Frozen Ramparts          Ice            0%         1d2       99%         3
 Ozocubu's Armour         Ice            0%         N/A       99%         3
 Hailstorm                Conj/Ice       0%         3d3       100%        4
 Summon Ice Beast         Ice/Summ       0%         N/A       100%        4


Dungeon Overview and Level Annotations

Branches:
Dungeon (5/15)
 Temple: D:4-7

Altars:
Gozag
Nemelex Xobeh

Shops:
D:5 ?!*[

Annotations:
D:3 Grinder


Innate Abilities, Weirdness & Mutations

You are small and have problems with some larger weapons.
You are somewhat resistant to further mutation.


Message History

The orc is lightly wounded.
You sock the orc!
You kill the orc!
The orc misses you.
You hit the orc.
The orc is almost dead.
The orc wizard gestures at itself while chanting.
The orc wizard flickers and vanishes!
Deactivating autopickup; reactivate with Ctrl-A.
You closely miss the orc.
The orc is almost dead.
The orc hits you with a +0 flail.
You hit the orc.
You kill the orc!
You sock something! Something hits you but does no damage.
You barely miss something. Something hits you but does no damage.
You miss something. Something hits you but does no damage.
You hit something.
You hear some strange, mumbled words.
A magic dart appears from out of thin air!
The magic dart hits you.
You hit something. Something hits you but does no damage.
You miss something.
You hear some strange, mumbled words.
Something tries to affect you, but you resist.
You barely miss something. Something barely misses you.
You hit something.
Reactivating autopickup.
You feel a bit more experienced.
You hit the orc.
The orc is moderately wounded.
The orc closely misses you.
You thump the orc!
You kill the orc!
Items here: ))))) [ †.
Okay, then.
An orc comes into view. It is wielding a +0 hand axe.
The orc shouts!
You hear a shout! x2
An orc comes into view. It is wielding a +0 mace.
The orc shouts!
There is a stone staircase leading up here.
You sock the orc!
You kill the orc!
Things that are here:
a +0 hand axe; a +0 leather armour The orc hits you but does no damage.
You sock the orc!
You kill the orc!
An orc warrior comes into view. It is wielding a +0 mace.
You see here a +0 mace.
Throw: 21 darts (poison)
Press: ? - help, Q - select action, (/) - cycle Shift-Dir - straight line, f - orc warrior
Aim: an orc warrior, wielding a +0 mace and wearing a +0 chain mail (57% to hit)
You throw a poisoned dart.
The poisoned dart barely misses the orc warrior.
Throw: 20 darts (poison)
Press: ? - help, Q - select action, (/) - cycle Shift-Dir - straight line, f/p - orc warrior
Aim: an orc warrior, wielding a +0 mace and wearing a +0 chain mail (57% to hit)
You throw a poisoned dart. The poisoned dart hits the orc warrior.
The orc warrior is poisoned.
The orc warrior hits you with a +0 mace.
Throw: 19 darts (poison)
Press: ? - help, Q - select action, (/) - cycle Shift-Dir - straight line, f/p - orc warrior
Aim: an orc warrior, wielding a +0 mace and wearing a +0 chain mail (lightly wounded, poisoned, 57% to hit)
You throw a poisoned dart.
The poisoned dart closely misses the orc warrior.
The orc warrior hits you with a +0 mace!
Throw: 18 darts (poison)
Press: ? - help, Q - select action, (/) - cycle Shift-Dir - straight line, f/p - orc warrior
Aim: an orc warrior, wielding a +0 mace and wearing a +0 chain mail (lightly wounded, poisoned, 55% to hit)
You throw a poisoned dart.
The poisoned dart closely misses the orc warrior.
Things that are here:
a +0 hand axe; a +0 leather armour An orc comes into view.
It is wielding a +0 dagger.
There is a stone staircase leading up here.
The orc warrior looks more healthy.
Throw: 17 darts (poison)
Press: ? - help, Q - select action, (/) - cycle Shift-Dir - straight line, f/p - orc warrior
Aim: an orc warrior, wielding a +0 mace and wearing a +0 chain mail (moderately wounded, 57% to hit)
You throw a poisoned dart. The poisoned dart hits the orc warrior.
The orc warrior is poisoned.
The orc warrior is moderately wounded.
The orc warrior hits you with a +0 mace!
Throw: 16 darts (poison)
Press: ? - help, Q - select action, (/) - cycle Shift-Dir - straight line, f/p - orc warrior
Aim: an orc warrior, wielding a +0 mace and wearing a +0 chain mail (moderately wounded, poisoned, 57% to hit)
You throw a poisoned dart. The poisoned dart hits the orc warrior.
The orc warrior looks even sicker.
The orc warrior is moderately wounded.
The orc warrior hits you with a +0 mace.
* * * LOW HITPOINT WARNING * * *
Throw: 15 darts (poison)
Press: ? - help, Q - select action, (/) - cycle Shift-Dir - straight line, f/p - orc warrior
Aim: an orc warrior, wielding a +0 mace and wearing a +0 chain mail (severely wounded, poisoned, 57% to hit)
You throw a poisoned dart. The poisoned dart hits the orc warrior.
The orc warrior looks even sicker.
The orc warrior is severely wounded.
The orc warrior hits you with a +0 mace!
You die...

*,* *,,,,,,** *,* *,,,,,,,* *,**#
***,**,∩, *,,.# ****,*****
###.****,,,,,,,** *****
#..,,,,*,**,,,,** ,,,,*
#.#,**,*,****,,** ***,*
#######.#,**,*,**,,,,,,
,**,#######.o..o@.#,,,,,,**,*,,**
,,,,........#####.#***,,,,,,,,,*
,,,,#####...##.##.####.#***,****
,,,,* #..>.(.o#..o((.# **,**
,,,,* #.......<)###### *,,,*
,,,,* ###.......## *,,,* ,**,*
#.........# *,,,* ,,,,*
##.......## *,,,*
,*********##......# *,,,* #


You could see an orc warrior (very poisoned) and an orc.

Vanquished Creatures
  A sky beast (D:5)
  2 ogres
  A scorpion (D:4)
  A centaur skeleton (D:4)
  2 hounds
  A jelly (D:4)
  An orc wizard (D:5)
  3 gnolls (D:3)
  An adder (D:2)
  A worker ant zombie (D:5)
  An ufetubus (D:5)
  7 orcs (D:5)
  A ball python (D:1)
  5 goblins
  2 hobgoblins
  8 jackals
  3 quokkas
  A bat (D:3)
  A frilled lizard (D:3)
  2 kobolds
45 creatures vanquished.

Notes
Turn   | Place    | Note
-------+----------+-------------------------------------------
     0 | D:1      | EnegeticOcto the Halfling Gladiator began the quest for the
                  | Orb.
     0 | D:1      | Reached XP level 1. HP: 14/14 MP: 1/1
   169 | D:1      | You fall into a shaft and drop 1 floor!
   178 | D:2      | Reached XP level 2. HP: 19/19 MP: 2/2
   186 | D:2      | Reached skill level 3 in Staves
   228 | D:2      | Reached XP level 3. HP: 24/24 MP: 3/3
   266 | D:3      | Noticed Grinder
   316 | D:2      | Found a sparkling altar of Nemelex Xobeh.
   526 | D:2      | Noticed an ogre
   533 | D:2      | Killed an ogre
   534 | D:2      | Reached skill level 4 in Staves
   534 | D:2      | Reached XP level 4. HP: 24/29 MP: 4/4
   534 | D:2      | Reached XP level 5. HP: 29/34 MP: 5/5
   690 | D:4      | Found an opulent altar of Gozag.
   763 | D:4      | Reached skill level 5 in Staves
   763 | D:4      | Reached XP level 6. HP: 23/39 MP: 6/6
   810 | D:4      | Noticed an ogre
   816 | D:4      | Killed an ogre
   899 | D:3      | Reached skill level 6 in Staves
   940 | D:4      | Reached XP level 7. HP: 30/44 MP: 7/7
   949 | D:5      | Entered Level 5 of the Dungeon
   950 | D:5      | Found Bostuimesu's Distillery.
   951 | D:5      | Found Komi's Assorted Antiques.
   959 | D:5      | Bought a scroll labelled OHAR NESUTS for 28 gold pieces
   959 | D:5      | Bought a scroll labelled FOELOA QAKHER for 28 gold pieces
   959 | D:5      | Bought a scroll labelled OPA DYQ FYROESYO for 28 gold
                  | pieces
   959 | D:5      | Bought a scroll labelled XEIJEU XENUCIX for 28 gold pieces
   959 | D:5      | Bought a scroll labelled JEN OVVAFRE for 28 gold pieces
  1050 | D:5      | Found Fiarayx's Antique Armour Shop.
  1104 | D:5      | Found Vikaty's Magic Scroll Boutique.
  1186 | D:5      | Slain by an orc warrior

Illustrated notes

Levels and vault maps discovered:
D:1:      lemuel_arrival_tunnels, layout_basic, hangedman_decor_push
D:2:      layout_basic, nemelex_altar_shiori, kennysheep_generic_room_15
D:3:      layout_basic, minmay_fountain_box, chequers_serial_rivers_small_b,
          minmay_misc_feat_cross, uniq_grinder
D:4:      layout_loops_ring, nicolae_gozag_cash_rules_everything_around_me,
          lemuel_doored_altar, uniq_pikel
D:5:      layout_loops_cross, serial_shops, shop, shop_statue, shop, shop, shop

Skill      XL: |  1  2  3  4  5  6 |
---------------+-------------------+-----
Staves         | 3 4 5 6 |  6.8
Fighting       | |  1.7
Throwing       | |  2.0
Dodging        | |  3.2

Action                   |  1- 3 |  4- 6 |  7- 9 || total
-------------------------+-------+-------+-------++-------
Melee: Quarterstaff      |    54 |    71 |    35 ||   160
Throw: Dart              |       |     5 |    15 ||    20
  Use: Scroll            |       |       |     2 ||     2
Armor: Leather armour    |     1 |       |       ||     1
       Scale mail        |    48 |    31 |    10 ||    89
Dodge: Dodged            |    80 |    49 |    14 ||   143

Table legend: (Time is in decaauts)
 A = Elapsed time spent in this place.
 B = Non-inter-level travel time spent in this place.
 C = Inter-level travel time spent in this place.
 D = Time resting spent in this place.
 E = Time spent auto-exploring this place.
 F = Levels seen in this place.
 G = Mean time per level.
                   A        B        C        D        E       F      G
               +--------+--------+--------+--------+--------+-----+--------+
         Total |   1199 |   1175 |     24 |      0 |      0 |   5 |  239.8 |
       Dungeon |   1199 |   1175 |     24 |      0 |      0 |   5 |  239.8 |
               +--------+--------+--------+--------+--------+-----+--------+

Top non-repeatable levels by time:
     D:2: 361 daAuts
     D:5: 234 daAuts
     D:1: 213 daAuts
     D:4: 213 daAuts
     D:3: 176 daAuts
